 Dungeon Crawl Stone Soup version 0.26-a0-30-g56b8cd3df0 (webtiles) character file.

Game seed: 3307806784874476399, levelgen mode: deterministic

2209 Gwenloh the Destroyer (level 9, -6/51 HPs)
             Began as a Deep Elf Conjurer on May 31, 2020.
             Was a Follower of Vehumet.
             Shot with a sling bullet by Joseph (17 damage)
             ... on level 8 of the Dungeon.
             The game lasted 00:27:35 (9662 turns).

Gwenloh the Destroyer (Deep Elf Conjurer)           Turns: 9662, Time: 00:27:35

Health: -6/51      AC: 10    Str:  5    XL:     9   Next: 13%
Magic:  19/30      EV: 16    Int: 24    God:    Vehumet [*.....]
Gold:   304        SH:  0    Dex: 15    Spells: 11/21 levels left

rFire    . . .     SeeInvis .   D - +4 quarterstaff (chaos)
rCold    . . .     Gourm    .   (shield currently unavailable)
rNeg     + . .     Faith    .   a - +0 robe
rPois    .         Spirit   .   (no helmet)
rElec    .         Reflect  .   E - +1 cloak {MR+}
rCorr    .         Harm     .   K - +0 pair of gloves
MR       ++++.     Clarity  +   L - +0 pair of boots
Stlth    +++.......             B - amulet of the Four Winds {rN+ MR+++ Clar}
HPRegen  0.17/turn              z - ring of magical power
MPRegen  0.22/turn              x - +4 ring of protection

@: lethally poisoned (-6 -> -10)
A: no striking features
a: Renounce Religion


You were on level 8 of the Dungeon.
You worshipped Vehumet.
Vehumet was aware of your devotion.
You were not hungry.

You visited 2 branches of the dungeon, and saw 9 of its levels.

You collected 430 gold pieces.
You spent 126 gold pieces at shops.

Inventory:

Hand Weapons
 d - a +2 dagger
 p - a +0 war axe of electrocution
 D - a +4 quarterstaff of chaos (weapon)
Armour
 a - a +0 robe (worn)
 s - a +2 cloak
 E - a +1 cloak of magic resistance (worn)
 I - a +0 buckler
 K - a +0 pair of gloves (worn)
 L - a +0 pair of boots (worn)
Jewellery
 h - an uncursed ring of see invisible
 l - an uncursed amulet of guardian spirit
 x - a +4 ring of protection (right hand)
 y - a +6 ring of dexterity
 z - a ring of magical power (left hand)
 B - the amulet of the Four Winds (around neck) {rN+ MR+++ Clar}
   (You found it on level 6 of the Dungeon)

   [amulet of nothing]

   It protects you from negative energy.
   It affects your resistance to hostile enchantments.
   It protects you against confusion.
 O - an uncursed amulet of faith {unknown}
 P - a cursed ring of attention {unknown}
Wands
 t - a wand of digging (6)
 A - a wand of polymorph (7)
 H - a wand of disintegration (23)
Scrolls
 b - 6 scrolls of identify
 e - 4 scrolls of teleportation {unknown}
 k - 2 scrolls of amnesia {unknown}
 n - a scroll of magic mapping
 o - 3 scrolls of enchant armour {unknown}
 r - 7 scrolls of remove curse
 C - a scroll of fog {unknown}
 G - a scroll of noise {unknown}
Potions
 f - 3 potions of haste {unknown}
 g - 2 potions of might {unknown}
 i - a potion of resistance {unknown}
 j - a potion of flight {unknown}
 m - a potion of magic {unknown}
 q - 5 potions of curing
 u - a potion of brilliance {unknown}
 v - a potion of heal wounds {unknown}
 w - 3 potions of lignification {unknown}
 F - a potion of stabbing {unknown}
 J - a potion of cancellation {unknown}
 M - a potion of berserk rage {unknown}
 Q - a potion of degeneration {unknown}
Comestibles
 c - 11 rations
 N - 6 chunks of flesh


   Skills:
 + Level 3.4 Fighting
 + Level 5.9 Dodging
 + Level 6.5 Stealth
 + Level 1.0 Shields
 + Level 6.7 Spellcasting
 * Level 8.3 Conjurations
 + Level 5.5 Hexes


You had 11 spell levels left.
You knew the following spells:

 Your Spells              Type           Power        Failure   Level  Hunger
a - Magic Dart            Conj           ####         1%          1    None
b - Searing Ray           Conj           #####.       1%          2    None
c - Dazzling Flash        Conj/Hex       #####.       1%          3    None
d - Fulminant Prism       Conj/Hex       #####.....   4%          4    ###....

Your spell library contained the following spells:

 Spells                   Type           Power        Failure   Level  Hunger
 Sandblast                Erth           #.....       8%          1    None
 Iskenderun's Mystic Bla  Conj/Tloc      ####....     13%         4    ###....


Dungeon Overview and Level Annotations

Branches:
Dungeon (8/15)             Temple (1/1) D:5
   Lair: D:8-11

Altars:
Ashenzari
Cheibriados
Dithmenos
Elyvilon
Fedhas
Gozag
Hepliaklqana
Kikubaaqudgha
Makhleb
Nemelex Xobeh
Okawaru
Qazlal
Ru
Sif Muna
Trog
Uskayaw
Vehumet
Wu Jian
Xom
Yredelemnul
Zin
The Shining One

Shops:
D:7 [

Annotations:
D:8 Joseph


Message History

Aim: a killer bee (blind)
The searing ray hits the killer bee!
The killer bee is severely wounded. (Press . to maintain the ray.)
The killer bee stings you!
You are poisoned.
The killer bee poisons you! The killer bee barely misses you.
The searing ray hits the killer bee!
You kill the killer bee!
Vehumet accepts your kill.
You feel sick.
Joseph shoots a sling bullet.
The sling bullet hits you!
* * * LOW HITPOINT WARNING * * *
You close the door, pushing everything out of the way.
You feel sick.
Joseph opens the door.
Okay, then.
As you read the scroll labeled VUADWE ATTUNI, it crumbles to dust.
It is a scroll of identify.
q - 5 potions of curing You feel sick.
Joseph shoots a sling bullet.
The sling bullet hits you!
You die...

#..###+##
#.......)รท.......
.........
#................
.........
#......##....##..
.........
+......########..
#..###.. #......#
....... #..#####+
##......##........
.........
#.............. ..
.........
+.......##....#
.........
#@......# ...#
##..#####
#'####### ..#
##..#
.@....@(....... .#
.#....
..............( #
.#.....
...............
.#......
............... ##
.##.
...............
.######
########+####+#
.#[...#


You could see Joseph.

Vanquished Creatures
  Prince Ribbit (D:7)
  A hornet (D:7)
  Menkaure (D:7)
  An orc warrior (D:8)
  A phantom (D:7)
  A necrophage (D:7)
  2 ogres
  A centaur (D:7)
  A scorpion (D:7)
  3 killer bees (D:8)
  A howler monkey (D:4)
  4 crimson imps
  A centaur zombie (D:5)
  2 hounds
  Crazy Yiuf (D:5)
  2 bullfrog skeletons
  An orc priest (D:7)
  4 orc wizards
  A gnoll shaman (D:8)
  3 worker ants
  A worker ant zombie (D:8)
  A howler monkey zombie (D:7)
  9 gnolls
  12 adders
  3 river rats (D:7)
  A shadow imp (D:7)
  An adder zombie (D:7)
  An adder skeleton (D:4)
  3 worms
  A dart slug (D:4)
  2 leopard geckos (D:1)
  20 orcs
  7 ball pythons
  9 giant cockroaches
  7 goblins
  6 hobgoblins
  6 jackals (D:3)
  8 kobolds
  4 quokkas
  9 bats
  8 frilled lizards
  A jackal skeleton (D:4)
  A quokka skeleton (D:4)
  9 rats
163 creatures vanquished.

Vanquished Creatures (others)
  4 plants (D:7)
4 creatures vanquished.

Grand Total: 167 creatures vanquished

Notes
Turn   | Place    | Note
-------+----------+-------------------------------------------
     0 | D:1      | Gwenloh the Deep Elf Conjurer began the quest for the Orb.
     0 | D:1      | Reached XP level 1. HP: 10/10 MP: 6/6
   113 | D:1      | Reached XP level 2. HP: 15/15 MP: 1/8
   875 | D:2      | Learned a level 2 spell: Searing Ray
   878 | D:2      | Reached XP level 3. HP: 18/20 MP: 7/9
   883 | D:2      | Learned a level 3 spell: Dazzling Flash
  1204 | D:2      | Found a hazy altar of Hepliaklqana.
  1309 | D:2      | Reached skill level 5 in Conjurations
  1363 | D:2      | Reached skill level 1 in Hexes
  1363 | D:2      | Reached XP level 4. HP: 24/24 MP: 5/11
  1448 | D:2      | Reached skill level 1 in Fighting
  2084 | D:2      | Found a faded altar of an unknown god.
  2683 | D:3      | Reached XP level 5. HP: 29/29 MP: 4/13
  2750 | D:3      | Learned a level 4 spell: Fulminant Prism
  3849 | D:4      | Noticed an ogre
  3854 | D:4      | Killed an ogre
  3854 | D:4      | Reached XP level 6. HP: 34/34 MP: 9/14
  4179 | D:4      | Reached skill level 6 in Conjurations
  4605 | D:5      | Entered Level 5 of the Dungeon
  4722 | D:5      | Found an iron altar of Okawaru.
  4723 | D:5      | Found an opulent altar of Gozag.
  4723 | D:5      | Found an ancient bone altar of Kikubaaqudgha.
  4724 | D:5      | Found an ornate altar of the Wu Jian Council.
  4728 | D:5      | Reached XP level 7. HP: 29/39 MP: 11/16
  4883 | D:5      | Found a staircase to the Ecumenical Temple.
  4893 | Temple   | Entered the Ecumenical Temple
  5090 | Temple   | Became a worshipper of Vehumet
  5156 | D:5      | Found a runed translucent door.
  5157 | D:5      | Noticed Crazy Yiuf
  5741 | D:5      | Found a burning altar of Makhleb.
  5746 | D:5      | Noticed a cacodemon
  5750 | D:5      | Noticed a ynoxinul
  5750 | D:5      | Noticed a ynoxinul
  5894 | D:5      | Killed Crazy Yiuf
  6059 | D:6      | Found the amulet of the Four Winds {rN+ MR+++ Clar}
  6323 | D:6      | Reached skill level 5 in Spellcasting
  6662 | D:7      | Noticed a hornet
  6671 | D:7      | Killed a hornet
  6671 | D:7      | Reached skill level 5 in Stealth
  7089 | D:7      | Reached skill level 7 in Conjurations
  7089 | D:7      | Reached XP level 8. HP: 32/45 MP: 17/18
  7549 | D:7      | Reached skill level 5 in Dodging
  7690 | D:7      | Noticed Prince Ribbit
  7801 | D:7      | Noticed Menkaure
  7872 | D:7      | Killed Menkaure
  7872 | D:7      | Reached * piety under Vehumet
  7872 | D:7      | Offered knowledge of Sandblast by Vehumet.
  8384 | D:7      | Noticed a +0 hand axe
  8385 | D:7      | Noticed a +0 dagger
  8387 | D:7      | Found a hide-covered altar of Uskayaw.
  8527 | D:7      | Found Kafarah's Armour Emporium.
  8530 | D:7      | Bought a +0 buckler for 63 gold pieces
  8530 | D:7      | Bought a +0 pair of gloves for 63 gold pieces
  8555 | D:7      | Killed Prince Ribbit
  8555 | D:7      | Reached skill level 8 in Conjurations
  8555 | D:7      | Reached skill level 5 in Hexes
  9396 | D:8      | Reached XP level 9. HP: 51/51 MP: 16/20
  9544 | D:8      | Found a hide-covered altar of Uskayaw.
  9653 | D:8      | Noticed Joseph
  9657 | D:8      | Reached skill level 1 in Shields
  9662 | D:8      | Shot with a sling bullet by Joseph

Illustrated notes

Levels and vault maps discovered:
D:1:      dpeg_arrival_simpleton_a, layout_rooms, palyth_stone_intersect
D:2:      layout_loops_corners, lemuel_coloured_pillars_altar, first_ration,
          chequers_ecumenical_altar_lobes, kennysheep_path_1,
          grunt_ministairs_6, minmay_shallow_snake_nest
D:3:      layout_basic
D:4:      layout_gridville, minmay_misc_feat_rows
D:5:      layout_loops_corners, chequers_temple_overflow_statue_of_worship,
          minmay_temple_entry_tees, makhleb_altar_promises_db,
          uniq_crazy_yiuf_cottage
D:6:      layout_loops_ring, minivault_24
D:7:      wad_woods_settlement, layout_basic, dancing_weapons_uskayaw,
          serial_shops, kennysheep_mini_moat, uniq_prince_ribbit1, uniq_menkaure
D:8:      layout_gridville, basic_altar, uniq_joseph
Temple:   regret_index_temple_generic_petals

Skill      XL: |  1  2  3  4  5  6  7  8  9 |
---------------+----------------------------+-----
Stealth        | 3 4 5 6 |  6.5
Conjurations   | 5 6 7 8 |  8.3
Hexes          | 1 2 3 4 5 |  5.5
Fighting       | 1 2 3 |  3.4
Dodging        | 3 4 5 |  5.9
Spellcasting   | 4 5 6 |  6.7
Shields        | 1 |  1.0

Action                   |  1- 3 |  4- 6 |  7- 9 || total
-------------------------+-------+-------+-------++-------
Melee: Dagger            |     4 |    13 |       ||    17
       War axe           |       |    27 |    12 ||    39
       Quarterstaff      |       |       |    31 ||    31
 Cast: Magic Dart        |    67 |   124 |   133 ||   324
       Searing Ray       |     2 |     9 |    21 ||    32
       Dazzling Flash    |       |       |     3 ||     3
  Use: Scroll            |     3 |     1 |     1 ||     5
 Stab: Sleeping          |     1 |     1 |     1 ||     3
       Invisible         |       |       |     2 ||     2
       Petrified         |       |       |     1 ||     1
  Eat: Chunk             |     1 |    11 |     8 ||    20
       Ration            |       |       |     2 ||     2
Armor: Robe              |       |    17 |    23 ||    40
Dodge: Dodged            |     3 |    41 |    76 ||   120

Table legend:
 A = Non-vault XP
 B = Vault XP
 C = Vault XP percentage of total XP
 D = Non-vault monster count
 E = Vault monster count
 F = Vault count percentage of total count
                 A         B        C        D         E       F
            +---------+---------+-------+---------+---------+-------
      Total |    2431 |     726 |  23.0 |     145 |      18 |  11.0
            +---------+---------+-------+---------+---------+-------
        D:1 |      35 |       0 |   0.0 |      22 |       0 |   0.0
        D:2 |      67 |      35 |  34.3 |      17 |       8 |  32.0
        D:3 |      93 |       0 |   0.0 |      33 |       0 |   0.0
        D:4 |     431 |       0 |   0.0 |      22 |       0 |   0.0
        D:5 |     129 |      41 |  24.1 |       7 |       1 |  12.5
        D:6 |     157 |       0 |   0.0 |       4 |       0 |   0.0
        D:7 |     973 |     650 |  40.0 |      22 |       9 |  29.0
        D:8 |     546 |       0 |   0.0 |      18 |       0 |   0.0
            +---------+---------+-------+---------+---------+-------
